 Dungeon Crawl Stone Soup version 0.26-a0-651-gb41185065b (console) character file.

Game seed: 17320798380940056876

2462 om the Chiller (level 9, -14/45 HPs)
             Began as a Gargoyle Ice Elementalist on Sept 29, 2020.
             Demolished by a two-headed ogre
             ... wielding a +0 giant club
              (15 damage)
             ... on level 8 of the Dungeon.
             The game lasted 00:13:55 (7973 turns).

om the Chiller (Gargoyle Ice Elementalist)          Turns: 7973, Time: 00:13:55

Health: -14/45     AC: 11    Str: 12    XL:     9   Next: 50%
Magic:  7/13       EV: 12    Int: 19    God:
Gold:   287        SH:  4    Dex: 10    Spells: 10/14 levels left

rFire    . . .     SeeInvis .   s - +8 war axe "Ojeum" {freeze, rElec}
rCold    . . .     Faith    .   o - +0 buckler
rNeg     + + .     Spirit   .   h - +0 leather armour
rPois    ∞         Reflect  .   k - +1 helmet
rElec    +         Harm     .   (no cloak)
rCorr    .         Rampage  .   (no gloves)
MR       +....                  (no boots)
Stlth    ++........             (no amulet)
HPRegen  0.15/turn              z - ring of positive energy
MPRegen  0.13/turn              y - ring of protection from magic

@: frozen ramparts, heavily drained
A: negative energy resistance 1, electricity resistance, unbreathing,
petrification resistance, rot immunity, AC +6
a: no special abilities


You were on level 8 of the Dungeon.
You visited 1 branch of the dungeon, and saw 7 of its levels.

You collected 287 gold pieces.

Inventory:

Hand Weapons
 b - a +0 whip
 s - the +8 war axe "Ojeum" (weapon) {freeze, rElec}
   (You found it on level 4 of the Dungeon)

   It has been specially enchanted to freeze those struck by it, causing extra
   injury to most foes and up to half again as much damage against particularly
   susceptible opponents.
   It can also slow down cold-blooded creatures.
   It insulates you from electricity.
 w - a +0 quarterstaff
Armour
 h - a +0 leather armour (worn)
 k - a +1 helmet (worn)
 o - a +0 buckler (worn)
Jewellery
 q - a +6 ring of dexterity
 y - a ring of protection from magic (right hand)
 z - a ring of positive energy (left hand)
Wands
 l - a wand of random effects (12)
Scrolls
 d - 2 scrolls of fog {unknown}
 e - a scroll of identify {unknown}
 f - 5 scrolls of remove curse
 g - 4 scrolls of teleportation {unknown}
 j - a scroll of noise {unknown}
 p - 2 scrolls of amnesia {unknown}
 r - a scroll of fear {unknown}
Potions
 c - a potion of stabbing {unknown}
 i - 5 potions of curing {unknown}
 m - 2 potions of lignification {unknown}
 n - a potion of haste
 t - 2 potions of invisibility {unknown}
 u - a potion of mutation {unknown}
 v - 2 potions of heal wounds {unknown}
 x - a potion of berserk rage {unknown}
 A - a potion of resistance {unknown}


   Skills:
 * Level 5.4(3.8) Axes
 - Level 2.2(2.6) Maces & Flails
 - Level 5.0(3.2) Armour
 + Level 4.5(2.8) Dodging
 - Level 5.0(3.2) Stealth
 - Level 5.0(3.2) Shields
 - Level 3.0(1.3) Spellcasting
 - Level 6.0(4.2) Ice Magic


You had 10 spell levels left.
You knew the following spells:

 Your Spells              Type           Power        Failure   Level
a - Freeze                Ice            ###.         4%          1
b - Frozen Ramparts       Ice            ###...       14%         3

Your spell library contained the following spells:

 Spells                   Type           Power        Failure   Level
 Ozocubu's Armour         Ice            ###.....     14%         3
 Apportation              Tloc           #.....       26%         1
 Hailstorm                Conj/Ice       #.......     71%         4
 Summon Ice Beast         Ice/Summ       #.......     71%         4
 Fireball                 Conj/Fire      #.........   100%        5


Dungeon Overview and Level Annotations

Branches:
Dungeon (8/15)
 Temple: D:4-7         Lair: D:8-11

Altars:
Gozag
Yredelemnul

Shops:
D:4 =   D:8 :

Annotations:
D:4 3 runed translucent doors, mammut's ghost, amateur PaAM


Innate Abilities, Weirdness & Mutations

You are resistant to torment.
Your stone body is resilient. (AC +6)
You are immune to poison.
You resist negative energy. (rN+)
You are resistant to electric shocks. (rElec)
You can survive without breathing.
You are immune to petrification.
You are immune to rotting.


Message History

A two-headed ogre is nearby!
Casting: Frozen Ramparts (dangerous; 14% risk of failure)
Confirm with . or Enter, or press ? or * to list all spells.
The walls around you are covered in ice.
The two-headed ogre shouts in stereo!
The wall freezes the two-headed ogre.
The wall freezes the two-headed ogre.
There is an open door here.
The wall freezes the two-headed ogre. x2
The two-headed ogre hits you with a +0 giant club!!
Ouch! That really hurt!
The two-headed ogre hits you with a +0 giant club!!
* * * LOW HITPOINT WARNING * * *
The frozen ramparts melt away.
Casting: Frozen Ramparts (dangerous; 14% risk of failure)
Confirm with . or Enter, or press ? or * to list all spells.
The walls around you are covered in ice.
The wall freezes the two-headed ogre.
The two-headed ogre hits you with a +0 giant club!
You die...

##########..##..####'##..#
#.....#.......)....#
#.....#............#
#.....#............#
#.....'............#
#.....#.........(..#
####..######..###..#
##########..####.#
#............'...#
#............#...#
#...†.O@.....#...#
##.##'###..####..# ## #
#....####.....#+###..
#....# #............
#....# #............
#....# #............
#....# #............
#....# #.....<......
#....# #......[.....
...### ########....# ....
....#


You could see a two-headed ogre.

Vanquished Creatures
  A two-headed ogre (D:8)
  An ice beast (D:7)
  2 sky beasts
  A black bear (D:7)
  A phantom (D:7)
  2 ogres (D:4)
  2 centaurs (D:7)
  A bullfrog (D:8)
  A scorpion (D:4)
  7 wights (D:7)
  A centaur zombie (D:8)
  A hound (D:8)
  A jelly (D:8)
  3 orc priests
  Jessica (D:2)
  4 orc wizards
  4 worker ants
  A howler monkey skeleton (D:4)
  3 gnolls
  5 adders
  A shadow imp (D:7)
  A white imp (D:5)
  2 oozes
  An adder zombie (D:8)
  An adder skeleton (D:8)
  A worm (D:3)
  3 dart slugs
  2 leopard geckos
  20 orcs
  2 ball pythons
  9 bats
  2 giant cockroaches
  8 goblins
  10 hobgoblins
  8 jackals
  11 kobolds
  3 quokkas
  4 frilled lizards
  8 rats
140 creatures vanquished.

Notes
Turn   | Place    | Note
-------+----------+-------------------------------------------
     0 | D:1      | om the Gargoyle Ice Elementalist began the quest for the
                  | Orb.
     0 | D:1      | Reached XP level 1. HP: 10/10 MP: 3/3
   150 | D:1      | Reached XP level 2. HP: 9/15 MP: 5/5
   717 | D:1      | Reached XP level 3. HP: 19/19 MP: 6/6
  1130 | D:1      | Learned a level 3 spell: Frozen Ramparts
  1710 | D:2      | Reached XP level 4. HP: 23/24 MP: 2/7
  2216 | D:2      | Noticed Jessica
  2229 | D:2      | Killed Jessica
  3164 | D:2      | HP: 1/24 [gnoll/+0 spear (4)]
  3167 | D:2      | Reached skill level 1 in Armour
  3167 | D:2      | Reached XP level 5. HP: 1/28 MP: 4/8
  3572 | D:3      | Reached skill level 5 in Ice Magic
  3983 | D:3      | Noticed a sky beast
  3996 | D:3      | Killed a sky beast
  3996 | D:3      | Reached skill level 1 in Shields
  3996 | D:3      | Reached XP level 6. HP: 32/32 MP: 6/10
  4167 | D:3      | Reached skill level 1 in Maces & Flails
  4511 | D:3      | Found a basalt altar of Yredelemnul.
  4516 | D:4      | Found a runed translucent gate.
  4516 | D:4      | Found a runed translucent gate.
  4516 | D:4      | Found a runed translucent gate.
  4516 | D:4      | Found an opulent altar of Gozag.
  4516 | D:4      | Noticed mammut's ghost (amateur PaAM)
  4543 | D:4      | Found Xeunol's Jewellery Shop.
  4869 | D:4      | Reached XP level 7. HP: 36/36 MP: 4/11
  5476 | D:4      | Got a steaming war axe
  5477 | D:4      | Identified the +8 war axe "Ojeum" {freeze, rElec} (You
                  | found it on level 4 of the Dungeon)
  5800 | D:5      | Entered Level 5 of the Dungeon
  5810 | D:5      | You fall into a shaft and drop 3 floors!
  5920 | D:7      | Reached skill level 1 in Axes
  5920 | D:7      | Reached skill level 6 in Ice Magic
  5920 | D:7      | Reached XP level 8. HP: 27/41 MP: 12/12
  6495 | D:7      | Identified the Handbook of Fiery Displacement
  7179 | D:8      | Found Mioxyora's Book Boutique.
  7189 | D:8      | Reached skill level 5 in Stealth
  7240 | D:8      | Reached skill level 5 in Armour
  7346 | D:8      | Reached skill level 5 in Shields
  7346 | D:8      | Reached XP level 9. HP: 39/45 MP: 13/13
  7558 | D:8      | Noticed a two-headed ogre
  7599 | D:8      | Killed a two-headed ogre
  7599 | D:8      | Reached skill level 5 in Axes
  7851 | D:8      | Got a dazzling scale mail
  7862 | D:8      | Identified the cursed +1 scale mail of Soetafuyc {*Drain
                  | Str-4 Int+9} (You found it on level 8 of the Dungeon)
  7964 | D:8      | Noticed a two-headed ogre
  7970 | D:8      | HP: 1/45 [two-headed ogre/+0 giant club (18)]
  7973 | D:8      | Demolished by a two-headed ogre

Illustrated notes

Levels and vault maps discovered:
D:1:      lemuel_arrival_muddy, layout_loops_ring,
          hangedman_decor_clover_reticule
D:2:      layout_loops_corners, minmay_hexomino_u4, uniq_jessica
D:3:      layout_basic, nicolae_overflow_hidden_temple
D:4:      layout_basic, serial_shops, nicolae_shop_waterfront,
          ebering_ghost_gozag
D:5:      layout_cave_pools, lemuel_crystal_altar, portal_sewer_entry_f
D:7:      layout_rooms
D:8:      minmay_the_grid_triangle_9x9_rhombus_full
          [minmay_the_grid_triangle_9x9_fully_insulated_deathbox,
          minmay_the_grid_triangle_9x9_descending_squares,
          minmay_the_grid_triangle_9x9_sprig,
          minmay_the_grid_triangle_9x9_windchime,
          minmay_the_grid_triangle_9x9_wacky_v,
          minmay_the_grid_triangle_9x9_negative_grid,
          minmay_the_grid_triangle_9x9_impossible_snake,
          minmay_the_grid_triangle_9x9_prize_center], layout_gridville,
          serial_shops, nicolae_shop_trees, feat_on_display

Skill      XL: |  1  2  3  4  5  6  7  8  9 |
---------------+----------------------------+-----
Dodging        | 2 3 4 |  4.5
Stealth        | 3 4 5 |  5.0
Armour         | 1 2 3 5 |  5.0
Ice Magic      | 5 6 |  6.0
Shields        | 1 2 3 5 |  5.0
Spellcasting   | 3 |  3.0
Maces & Flails | 1 2 |  2.2
Axes           | 1 3 5 |  5.4

Action                   |  1- 3 |  4- 6 |  7- 9 || total
-------------------------+-------+-------+-------++-------
Melee: Unarmed           |    12 |       |       ||    12
       Whip              |   115 |   112 |    17 ||   244
       War axe           |       |       |    95 ||    95
 Cast: Freeze            |     9 |    12 |     7 ||    28
       Frozen Ramparts   |     2 |    17 |    14 ||    33
  Use: Scroll            |       |       |     1 ||     1
 Stab: Sleeping          |     6 |     4 |     5 ||    15
       Distracted        |       |     1 |       ||     1
Armor: Robe              |    49 |    66 |       ||   115
       Leather armour    |       |     9 |    57 ||    66
Dodge: Dodged            |    98 |   127 |    94 ||   319
Block: Buckler           |       |    11 |    19 ||    30

Table legend: (Time is in decaauts)
 A = Elapsed time spent in this place.
 B = Non-inter-level travel time spent in this place.
 C = Inter-level travel time spent in this place.
 D = Time resting spent in this place.
 E = Time spent auto-exploring this place.
 F = Levels seen in this place.
 G = Mean time per level.
                   A        B        C        D        E       F      G
               +--------+--------+--------+--------+--------+-----+--------+
         Total |   8030 |   7769 |    261 |   2256 |   4071 |   7 | 1147.1 |
       Dungeon |   8030 |   7769 |    261 |   2256 |   4071 |   7 | 1147.1 |
               +--------+--------+--------+--------+--------+-----+--------+

Top non-repeatable levels by time:
     D:2: 1961 daAuts
     D:1: 1505 daAuts
     D:7: 1332 daAuts
     D:4: 1286 daAuts
     D:3: 1072 daAuts
     D:8: 860 daAuts
     D:5: 11 daAuts
